 Dungeon Crawl Stone Soup version 0.30-a0-149-g7f746667c4 (webtiles) character file.

Game seed: 11450303097995437030

3511 ytrimaz the Martial Artist (level 10, -1/66 HPs)
             Began as a Djinni Transmuter on Sept 26, 2022.
             Was a Believer of Hepliaklqana.
             Shot with an arrow by a centaur warrior (25 damage)
             ... on level 8 of the Dungeon.
             The game lasted 00:14:36 (10926 turns).

ytrimaz the Martial Artist (Djinni Transmuter)     Turns: 10926, Time: 00:14:37

Health: -1/66      AC:  9    Str:  9    XL:     10   Next: 28%
Gold:   231        EV: 14    Int: 18    God:    Hepliaklqana [**....] SH:  0 Dex: 21

rFire   x . .      SeeInvis .      - Unarmed
rCold   + + +      Faith    .    (shield currently unavailable)
rNeg    . . .      Spirit   .    (body armour currently unavailable)
rPois   ∞          Reflect  .    (helmet currently unavailable)
rElec   .          Harm     .    (cloak currently unavailable)
rCorr   .          Rampage  .    (gloves currently unavailable)
Will    +....                    (boots unavailable)
Stlth   ++........               (no amulet)
HPRegen 0.21/turn                g - +6 ring of dexterity
MPRegen 0.00/turn                m - +4 ring of evasion

@: ice-form, flying, very slightly contaminated
A: freezing attack, flying, boosted hp, reduced essence, sickness immunity,
large, (fire resistance 2), (cold vulnerability 1), float, innate caster, HP
casting, extra vitality 1
a: End Transformation, Renounce Religion, Ancestor Life: Knight, Ancestor Life:
Battlemage, Ancestor Life: Hexer, Recall Ancestor, Ancestor Identity


You were on level 8 of the Dungeon.
You worshipped Hepliaklqana.
Hepliaklqana was pleased with you.
You were a creature of crystalline ice.
You visited 2 branches of the dungeon, and saw 9 of its levels.
You also visited: Ossuary.

You collected 582 gold pieces.
You spent 351 gold pieces at shops.


Innate Abilities, Weirdness & Mutations

You are a creature of crystalline ice.
You have a powerful freezing melee attack.
You are flying.
Your maximum health is increased.
Your armour is entirely melded.
You are incapable of wielding weapons or throwing items.
Your life essence is reduced to manifest your ancestor. (-10% HP)
You are immune to sickness and miasma.
You are immune to poison.
((Your flesh is very heat resistant. (rF++)))
((You are vulnerable to cold. (rC-)))
You float through the air rather than walking.
You learn spells naturally, not from books.
Your magical power is your life essence.
You have superior vitality. (+4 MHP)


   Skills:
 - Level 1.0 Fighting
 - Level 2.1 Dodging
 - Level 10.0 Unarmed Combat
 + Level 8.2 Spellcasting


You had 6 spell levels left.
You knew the following spells:

 Your Spells              Type           Power      Damage    Failure   Level
a - Beastly Appendage     Tmut           74%        N/A       1%          1
b - Wereblood             Tmut           37%        N/A       1%          2
c - Spider Form           Tmut/Pois      37%        N/A       1%          3
d - Ice Form              Ice/Tmut       37%        N/A       3%          4
e - Stone Arrow           Conj/Erth      74%        3d11      1%          3
f - Blink                 Tloc           74%        N/A       1%          2
g - Swiftness             Air            37%        N/A       1%          3
h - Necrotise             Necr           100%       1d9       1%          1
Your spell library was empty.

Inventory:

Armour
 f - a +0 pair of gloves (melded)
   (You found it on level 5 of the Dungeon)
 k - a +2 helmet (melded)
   (You took it off Robin on level 3 of the Dungeon)
 p - a +2 troll leather armour (melded)
   (You bought it in a shop on level 3 of the Dungeon)
Jewellery
 g - a +6 ring of dexterity (left front paw)
   (You found it on level 2 of the Dungeon)
 m - a +4 ring of evasion (right front paw)
   (You found it on level 5 of the Dungeon)
Wands
 a - a wand of digging (15)
   (You found it on level 6 of the Dungeon)
Scrolls
 e - 4 scrolls of fear
 h - 8 scrolls of teleportation
 n - a scroll of enchant armour
 o - 4 scrolls of enchant weapon
 r - 2 scrolls of poison
 t - a scroll of blinking
Potions
 b - 8 potions of curing
 c - 3 potions of haste
 d - a potion of ambrosia
 i - a potion of cancellation
 j - a potion of invisibility {unknown}
 l - a potion of mutation
 q - 2 potions of resistance {unknown}

Dungeon Overview and Level Annotations

Branches:
Dungeon (8/15) Zot: 26496  Temple (1/1) D:5 Zot: 5665    Lair (0/5) D:8
Ossuary (visited)

Altars:
Ashenzari
Cheibriados
Dithmenos
Elyvilon
Fedhas
Gozag
Hepliaklqana
Makhleb
Nemelex Xobeh
Okawaru
Ru
Uskayaw
Wu Jian
Xom
Yredelemnul
Zin
The Shining One

Shops:
D:3 [   D:6 (

Annotations:
D:3 1 runed translucent door, Darkkill's ghost, amateur DsWn

#......#.......#.....#
#.######.###########.#
#.#.)#.......#.#..)#.#
#.#:?#.#####.#.#.#.#.#
#.#.['..(..#.#.#.#.#.#
#.######.#.###.#.#.#.#
#.#c(.c#.#..)).#.#.#.#
#.####.#.#.###.#.#(#.#
#....Y.#.#...#...#.#..
########.#############
###.# #.#.### #....<#
#######


You could see a centaur warrior.


Message History

The efreet dies!
Your Spellcasting skill increases to level 8! 😕 HP[-2]
You take 2 damage, and now have 51/55 hp.
You can't see any susceptible monsters within range! (Use Z to cast anyway.) Unknown command.
You can't see any susceptible monsters within range! (Use Z to cast anyway.) Unknown command.
You swap places.
You see here a +3 scimitar of flaming. 😎 HP[+4]
Your hp is fully restored (55).
You swap places.
Things that are here:
a +0 club; an orc corpse
Items here: )) [ †.
Key pressed, stopping explore.
Unknown command.
Found a stone staircase leading up.
You swap places.
Key pressed, stopping explore.
Okay, then.
As you read the scroll of identify, it crumbles to dust.
t - a scroll of blinking Unknown command.
Key pressed, stopping explore.
Unknown command.
A centaur warrior comes into view.
The centaur warrior shouts!
The centaur warrior wields a +0 shortbow.
The centaur warrior shoots an arrow.
The arrow hits you!
A centaur warrior is nearby! 😮 HP[-17]
You take 17 damage, and now have 38/55 hp.
MASSIVE DAMAGE!! (PAUSE)
You are too injured to fight recklessly!
Unknown command.
You are too injured to fight recklessly!
You swap places. 😮 HP[+1] Unknown command.
You start resting.
Tawil hits the centaur warrior! 😮 HP[+1] Unknown command.
A centaur warrior is nearby!
You are too injured to fight recklessly!
Unknown command.
You are too injured to fight recklessly!
You are too injured to fight recklessly!
Unknown command.
Casting: Stone Arrow (safe; 1% risk of failure)
Confirm with . or Enter, or press ? or * to list all spells.
Aiming: Stone Arrow (safe; 1% risk of failure)
Press: ? - help, Shift-Dir - straight line, f - centaur warrior
Aim: a centaur warrior, wielding a +0 shortbow (lightly wounded, ally target, 81% to hit)
Tawil avoids your attack.
The stone arrow hits the centaur warrior!
The centaur warrior shoots an arrow.
The arrow barely misses Tawil.
The arrow hits you!
* * * LOW HITPOINT WARNING * * *
Tawil hits the centaur warrior! 😨 HP[-13]
You take 13 damage, and now have 27/55 hp.
MASSIVE DAMAGE!! (PAUSE)
Casting: Stone Arrow (safe; 1% risk of failure)
Confirm with . or Enter, or press ? or * to list all spells.
Aiming: Stone Arrow (safe; 1% risk of failure)
Press: ? - help, Shift-Dir - straight line, f/p - centaur warrior
Aim: a centaur warrior, wielding a +0 shortbow (heavily wounded, ally target, 81% to hit)
You miscast Stone Arrow.
You are very lightly contaminated with residual magic.
Nothing appears to happen.
* * * LOW HITPOINT WARNING * * *
The centaur warrior shoots an arrow.
The arrow hits Tawil!
The centaur warrior shoots an arrow.
The arrow hits Tawil!
Tawil hits the centaur warrior! 😨 HP[-2]
You take 2 damage, and now have 25/55 hp.
Casting: Stone Arrow (safe; 1% risk of failure)
Confirm with . or Enter, or press ? or * to list all spells.
Aiming: Stone Arrow (safe; 1% risk of failure)
Press: ? - help, Shift-Dir - straight line, f/p - centaur warrior
Aim: a centaur warrior, wielding a +0 shortbow (heavily wounded, not watching you, ally target, 81% to hit)
Tawil avoids your attack.
The stone arrow hits the centaur warrior!
* * * LOW HITPOINT WARNING * * *
The centaur warrior shoots an arrow.
The arrow hits Tawil!!
Tawil is destroyed! 😨 HP[-2]
You take 2 damage, and now have 23/55 hp.
Unknown command.
Casting: Stone Arrow (safe; 1% risk of failure)
Confirm with . or Enter, or press ? or * to list all spells.
You turn into a creature of crystalline ice.
Your +2 helmet melds into your body.
Your +0 pair of gloves melds into your body.
Your +2 troll leather armour melds into your body.
* * * LOW HITPOINT WARNING * * *
The centaur warrior shoots an arrow.
The arrow hits you!!
You die...

Skill      XL: |  1  2  3  4  5  6  7  8  9 10 |
---------------+-------------------------------+-----
Spellcasting   | 2 3 4 5 7 8 |  8.2
Unarmed Combat | 4 5 6 8 10 | 10.0
Fighting       | |  1.0
Dodging        | |  2.1

Action                   |  1- 3 |  4- 6 |  7- 9 | 10-12 || total
-------------------------+-------+-------+-------+-------++-------
Melee: Unarmed           |   109 |   246 |   155 |       ||   510
       Headbutt          |    15 |    24 |       |       ||    39
       Punch             |     4 |     7 |     1 |       ||    12
 Cast: Beastly Appendage |    13 |    12 |       |       ||    25
       Necrotise         |     4 |       |       |       ||     4
       Wereblood         |     1 |     4 |     3 |       ||     8
       Spider Form       |       |     8 |     3 |       ||    11
       Blink             |       |     1 |     1 |       ||     2
       Ice Form          |       |     2 |    15 |     1 ||    18
       Swiftness         |       |       |     1 |       ||     1
       Stone Arrow       |       |       |   119 |     7 ||   126
Invok: Recall Ancestor   |       |       |     1 |       ||     1
  Use: Potion            |     1 |     6 |     2 |       ||     9
       Scroll            |     1 |     4 |    10 |     1 ||    16
 Stab: Sleeping          |     1 |     2 |     6 |       ||     9
       Distracted        |       |       |     1 |       ||     1
Armor: Skin              |    16 |     5 |    35 |       ||    56
       Robe              |    11 |    30 |     2 |       ||    43
       Troll leather arm |       |       |     5 |       ||     5
Dodge: Dodged            |    79 |   220 |   123 |       ||   422

Levels and vault maps discovered:
D:1:      scummos_arrival_simple_fountains, layout_loops_corners
D:2:      layout_rooms, basic_altar
D:3:      layout_rooms, mainiacjoe_overflow_cross_hatched,
          hellmonk_ghost_happy_afterlife, serial_shops, nicolae_shop_stone,
          uniq_robin
D:4:      layout_gridville, kennysheep_okawaru_gauntlet,
          kennysheep_cross_bottleneck
D:5:      layout_loops_corners, mainiacjoe_overflow_paths,
          mainiacjoe_overflow_chevrons, minmay_temple_entry_sparse_star,
          item_on_display_a, uniq_grinder
D:6:      layout_loops_ring, nicolae_gozag_seed_capital, serial_shops,
          nicolae_shop_window_shopping, uniq_eustachio
D:7:      layout_basic, enter_ossuary_4, kennysheep_path_1
D:8:      layout_basic, lair_entry_dummy, serial_rivers,
          chequers_serial_rivers_micro_b, chequers_serial_rivers_micro_b,
          chequers_serial_rivers_large_b, chequers_serial_rivers_marsh,
          chequers_serial_rivers_micro_c, kennysheep_pointless_box,
          st_stairs_14, dk_noncrumbling_3, ebering_dispersal_statue_hall,
          wad_mini_maze
Temple:   regret_index_temple_generic_petals

Notes
Turn   | Place    | Note
-------+----------+-------------------------------------------
     0 | D:1      | ytrimaz the Djinni Transmuter began the quest for the Orb.
     0 | D:1      | ytrimaz set off with the following spells memorised:
                  | Beastly Appendage, Wereblood, Spider Form, Ice Form.
     0 | D:1      | Reached XP level 1. HP: 17/17 MP: 0/0
     0 | D:1      | magus.rc [v1.9.6]
    90 | D:1      | HP: 4/17 [jackal (3)]
    93 | D:1      | HP: 1/25 [jackal (3)]
    99 | D:1      | Reached XP level 2. HP: 2/22 MP: 0/0
   455 | D:1      | Reached skill level 2 in Spellcasting
   811 | D:1      | Reached XP level 3. HP: 21/27 MP: 0/0
   811 | D:1      | Learned a level 1 spell: Necrotise
  1895 | D:2      | Reached XP level 4. HP: 18/32 MP: 0/0
  2072 | D:2      | Reached skill level 4 in Unarmed Combat
  2808 | D:2      | HP: 8/32 [adder (2)]
  2813 | D:2      | HP: 5/32 [adder (2)]
  2816 | D:2      | HP: 2/32 [dart slug (1)]
  2821 | D:2      | Found a basalt altar of Yredelemnul.
  2914 | D:3      | HP: 7/32 [orc/+0 hand axe (5)]
  2933 | D:3      | Reached XP level 5. HP: 29/37 MP: 0/0
  2933 | D:3      | Learned a level 2 spell: Blink
  3194 | D:3      | Noticed Darkkill's ghost (amateur DsWn)
  3202 | D:3      | Found a runed translucent door.
  3334 | D:3      | Noticed Robin
  3340 | D:3      | HP: 4/37 [something (24)]
  3351 | D:3      | Killed Robin
  3351 | D:3      | HP: 7/37 [goblin/+0 dagger[Robin] (4)]
  3352 | D:3      | Reached skill level 3 in Spellcasting
  3352 | D:3      | HP: 3/37 [hobgoblin (5)]
  3662 | D:3      | Found Futtaghi's Armour Shop.
  3683 | D:3      | Found a shimmering altar of Xom.
  4389 | D:4      | Reached XP level 6. HP: 38/42 MP: 0/0
  4628 | D:4      | Noticed a black bear
  4640 | D:4      | Reached skill level 5 in Unarmed Combat
  4642 | D:4      | Killed a black bear
  4785 | D:4      | Found an iron altar of Okawaru.
  4941 | D:4      | Reached XP level 7. HP: 44/47 MP: 0/0
  4941 | D:4      | Learned a level 3 spell: Swiftness
  5314 | D:5      | Entered Level 5 of the Dungeon
  5329 | D:5      | Noticed Grinder
  5353 | D:5      | Killed Grinder
  5354 | D:5      | Reached skill level 6 in Unarmed Combat
  5354 | D:5      | Reached skill level 4 in Spellcasting
  5856 | D:5      | Reached XP level 8. HP: 22/52 MP: 0/0
  5857 | D:5      | HP: 6/52 [shadow imp/nerve-wracking pain (12)]
  5930 | D:5      | HP: 12/62 [phantom (6)]
  5932 | D:5      | Found a shadowy altar of Dithmenos.
  6217 | D:5      | Found a staircase to the Ecumenical Temple.
  6226 | Temple   | Entered the Ecumenical Temple
  6535 | Temple   | Became a worshipper of Hepliaklqana the Forgotten
  7284 | D:5      | Reached skill level 7 in Unarmed Combat
  7284 | D:5      | Reached skill level 5 in Spellcasting
  7308 | D:5      | Found a hide-covered altar of Uskayaw.
  7967 | D:3      | Bought a +2 troll leather armour for 351 gold pieces
  8154 | D:6      | Found an opulent altar of Gozag.
  8219 | D:6      | Found Xumett's Weapon Emporium.
  8429 | D:6      | Reached * piety under Hepliaklqana
  8675 | D:6      | Noticed Eustachio
  8711 | D:6      | HP: 13/55 [quasit[Eustachio] (1)]
  8721 | D:6      | Killed Eustachio
  8722 | D:6      | Reached skill level 8 in Unarmed Combat
  8722 | D:6      | Reached XP level 9. HP: 19/51 MP: 0/0
  8722 | D:6      | Learned a level 3 spell: Stone Arrow
  8822 | D:6      | Reached skill level 6 in Spellcasting
  9073 | D:7      | Found a sand-covered staircase.
  9080 | Ossuary  | Entered an ossuary
  9669 | D:7      | Reached skill level 9 in Unarmed Combat
 10433 | D:8      | Reached ** piety under Hepliaklqana
 10464 | D:8      | Reached skill level 7 in Spellcasting
 10495 | D:8      | Found a staircase to the Lair.
 10626 | D:8      | Noticed a boulder beetle
 10639 | D:8      | Killed a boulder beetle
 10640 | D:8      | Reached skill level 10 in Unarmed Combat
 10640 | D:8      | Reached XP level 10. HP: 12/55 MP: 0/0
 10849 | D:8      | Noticed an efreet
 10857 | D:8      | Killed an efreet
 10858 | D:8      | Reached skill level 8 in Spellcasting
 10920 | D:8      | Noticed a centaur warrior
 10926 | D:8      | Shot with an arrow by a centaur warrior

Vanquished Creatures
  A boulder beetle (D:8)
  Grinder (D:5)
  A wraith (D:8)
  Eustachio (D:6)
  A sky beast (D:7)
  3 black bears
  An ogre (D:5)
  4 phantoms
  A kobold brigand (D:6)
  A bullfrog (D:8)
  2 gnoll sergeants (D:7)
  A necrophage (D:6)
  2 scorpions
  A troll zombie (Ossuary)
  2 centaur zombies (Ossuary)
  2 jellies (D:6)
  4 hounds
  A gnoll bouda (D:7)
  2 iguanas
  2 orc wizards
  An ogre zombie (Ossuary)
  6 mummies (Ossuary)
  Robin (D:3)
  14 gnolls (D:7)
  6 adders
  A shadow imp (D:5)
  A white imp (D:5)
  An ufetubus (D:7)
  An adder zombie (Ossuary)
  6 dart slugs
  17 orcs
  3 bats
  5 endoplasms
  5 giant cockroaches
  A gnoll zombie (Ossuary)
  17 goblins
  11 hobgoblins
  7 jackals (D:1)
  14 kobolds
  4 quokkas
  5 ball pythons
  4 frilled lizards
  5 hobgoblin zombies (Ossuary)
  5 kobold zombies (Ossuary)
  5 quokka zombies (Ossuary)
  3 rats
  9 rat zombies
192 creatures vanquished.

Vanquished Creatures (collateral kills)
  An efreet (D:8)
  A bullfrog (D:8)
  A centaur zombie (Ossuary)
  A mummy (Ossuary)
  A gnoll (D:7)
  An adder zombie (Ossuary)
  An orc (D:7)
7 creatures vanquished.

Vanquished Creatures (others)
  2 orc wizards (D:3)
  4 ancestors
6 creatures vanquished.

Grand Total: 205 creatures vanquished

Table legend:
 A = Non-vault XP
 B = Vault XP
 C = Vault XP percentage of total XP
 D = Non-vault monster count
 E = Vault monster count
 F = Vault count percentage of total count
                 A         B        C        D         E       F
            +---------+---------+-------+---------+---------+-------
      Total |    2838 |    2178 |  43.4 |     146 |      53 |  26.6
            +---------+---------+-------+---------+---------+-------
        D:1 |      40 |       0 |   0.0 |      23 |       0 |   0.0
        D:2 |      77 |       0 |   0.0 |      27 |       0 |   0.0
        D:3 |      78 |      26 |  25.0 |      20 |       7 |  25.9
        D:4 |     351 |       3 |   0.8 |      17 |       2 |  10.5
        D:5 |     555 |     272 |  32.9 |      17 |       1 |   5.6
        D:6 |     755 |     197 |  20.7 |      14 |       1 |   6.7
        D:7 |     678 |       2 |   0.3 |      23 |       2 |   8.0
        D:8 |     304 |    1275 |  80.7 |       5 |       3 |  37.5
    Ossuary |       0 |     403 | 100.0 |       0 |      37 | 100.0
            +---------+---------+-------+---------+---------+-------

Illustrated notes

Table legend:
 A = Kills in this place as a percentage of kills in entire the game.
 B = Kills by you in this place as a percentage of kills by you in the entire game.
 C = Kills by friends in this place as a percentage of kills by friends in the entire game.
 D = Other kills in this place as a percentage of other kills in the entire game.
 E = Experience gained in this place as a percentage of experience gained in the entire game.
 F = Experience gained in this place divided by the number of levels of this place that you have seen.
                   A       B       C       D       E      F
               +-------+-------+-------+-------+-------+----------------------
         Total | 100.0 | 100.0 | 100.0 |   N/A | 100.0 | 501.6
       Dungeon |  81.4 |  82.3 |  57.1 |   N/A |  92.0 | 576.6
       Ossuary |  18.6 |  17.7 |  42.9 |   N/A |   8.0 | 403.0
               +-------+-------+-------+-------+-------+----------------------

Table legend: (Time is in decaauts)
 A = Elapsed time spent in this place.
 B = Non-inter-level travel time spent in this place.
 C = Inter-level travel time spent in this place.
 D = Time resting spent in this place.
 E = Time spent auto-exploring this place.
 F = Levels seen in this place.
 G = Mean time per level.
                   A        B        C        D        E       F      G
               +--------+--------+--------+--------+--------+-----+--------+
         Total |  10864 |  10191 |    673 |    605 |   7950 |  10 | 1086.4 |
       Dungeon |  10098 |   9446 |    652 |    605 |   7472 |   8 | 1262.2 |
        Temple |    334 |    313 |     21 |      0 |    191 |   1 |  334.0 |
       Ossuary |    431 |    431 |      0 |      0 |    287 |   1 |  431.0 |
               +--------+--------+--------+--------+--------+-----+--------+

Top non-repeatable levels by time:
     D:5: 2169 daAuts
     D:1: 1561 daAuts
     D:3: 1539 daAuts
     D:2: 1320 daAuts
     D:4: 1065 daAuts
     D:6: 1011 daAuts
     D:7: 927 daAuts
     D:8: 502 daAuts
 Ossuary: 431 daAuts
  Temple: 334 daAuts
